 Dungeon Crawl Stone Soup version 0.23-a0-408-g9d4b7ed (webtiles) character file.

196 nujazz the Skirmisher (level 5, -3/38 (41) HPs)
             Began as a Demonspawn Skald on Nov 8, 2018.
             Killed from afar by Sigmund (7 damage)
             ... with a magic dart
             ... on level 3 of the Dungeon.
             The game lasted 00:08:04 (2576 turns).

nujazz the Skirmisher (Demonspawn Skald)            Turns: 2576, Time: 00:08:06

HP:   -3/38 (41)    AC:  3    Str: 13    XL:     5   Next: 45%
MP:   0/8           EV: 12    Int: 14    God:
Gold: 74            SH:  0    Dex: 12    Spells: 8/9 levels left

rFire    . . .     SeeInvis .   i - +2 dagger (venom)
rCold    . . .     Gourm    .   (no shield)
rNeg     . . .     Faith    .   b - +0 leather armour
rPois    .         Spirit   +   (helmet restricted)
rElec    .         Reflect  .   (no cloak)
rCorr    .         Harm     .   (no gloves)
MR       .....                  (no boots)
Stlth    +.........             (no amulet)
HPRegen  0.12/turn              (no ring)
MPRegen  0.11/turn              (no ring)

@: confused
A: antennae 1, spiny 1, magic shield
a: no special abilities


You were on level 3 of the Dungeon.
You were not hungry.

You visited 1 branch of the dungeon, and saw 3 of its levels.

You collected 74 gold pieces.

Inventory:

Hand Weapons
 a - a +0 spear
 i - a +2 dagger of venom (weapon)
Missiles
 c - 6 tomahawks (quivered)
Armour
 b - a +0 leather armour (worn)
Jewellery
 f - an uncursed amulet of rage {unknown}
 h - a +5 ring of strength
Scrolls
 e - a scroll of immolation
 j - a scroll of enchant armour {unknown}
Comestibles
 d - a ration


   Skills:
 * Level 3.3 Fighting
 * Level 3.3 Polearms
 - Level 1.5 Armour
 - Level 2.0 Dodging
 + Level 2.6 Spellcasting
 - Level 3.2 Charms


You had 8 spell levels left.
You knew the following spells:

 Your Spells              Type           Power        Failure   Level  Hunger
a - Infusion              Chrm           ##..         8%          1    #......

Your spell library contained the following spells:

 Spells                   Type           Power        Failure   Level  Hunger
 Song of Slaying          Chrm           ##......     12%         2    ###....
 Shroud of Golubria       Chrm/Tloc      #.........   22%         2    ###....
 Regeneration             Chrm/Necr      #.........   41%         3    ###....
 Spectral Weapon          Hex/Chrm       #.......     41%         3    ###....


Dungeon Overview and Level Annotations

Branches:
Dungeon (3/15)

Altars:
Cheibriados
Hepliaklqana
Makhleb
Nemelex Xobeh
The Shining One

Annotations:
D:3 Sigmund


Innate Abilities, Weirdness & Mutations

You have a pair of small antennae on your head.
You are partially covered in sharp spines.
When hurt, damage is shared between your health and your magic reserves.


Message History

Sigmund completely misses you.
You barely miss Sigmund.
Sigmund is severely wounded.
Sigmund gestures at you while chanting. You resist with some effort.
You closely miss Sigmund.
Sigmund is severely wounded.
Sigmund casts a spell at you. The magic dart hits you!
* * * LOW HITPOINT WARNING * * *
You closely miss Sigmund.
Sigmund is severely wounded.
A rat comes into view.
Sigmund points at you and mumbles some strange words.
You are confused.
You're too confused to move!
Sigmund zaps a wand.
The puff of flame hits you!
* * * LOW HITPOINT WARNING * * *
Sigmund casts a spell at you. The magic dart hits you!
You die...

###
#######.#########
#......!.@......#
#......@.....r...
#.######.........
#<######.. #.# #
#.# ... #.# #..


You could see Sigmund and a rat.

Vanquished Creatures
  A necrophage (D:2)
  2 adders (D:2)
  3 gnolls (D:2)
  2 oozes
  4 dart slugs
  3 leopard geckos
  5 bats
  2 giant cockroaches
  6 goblins
  4 hobgoblins
  A quokka (D:2)
  2 frilled lizards (D:2)
  5 kobolds (D:2)
  6 rats
46 creatures vanquished.

Notes
Turn   | Place    | Note
-------+----------+-------------------------------------------
     0 | D:1      | nujazz the Demonspawn Skald began the quest for the Orb.
     0 | D:1      | Reached XP level 1. HP: 16/16 MP: 3/3
   265 | D:1      | Gained mutation: When hurt, damage is shared between your
                  | health and your magic reserves. [demonic ancestry]
   265 | D:1      | Reached XP level 2. HP: 12/22 MP: 5/5
   627 | D:1      | Reached skill level 1 in Armour
   827 | D:1      | Gained mutation: You are partially covered in sharp spines.
                  | [demonic ancestry]
   827 | D:1      | Reached XP level 3. HP: 25/27 MP: 6/6
   904 | D:1      | Found a sparkling altar of Nemelex Xobeh.
  1675 | D:2      | Reached XP level 4. HP: 21/34 MP: 5/7
  1734 | D:2      | Found a glowing golden altar of the Shining One.
  2050 | D:2      | Found a burning altar of Makhleb.
  2050 | D:2      | Found a faded altar of an unknown god.
  2057 | D:2      | Found a faded altar of an unknown god.
  2061 | D:2      | Found a snail-covered altar of Cheibriados.
  2061 | D:2      | Noticed a necrophage
  2172 | D:2      | Killed a necrophage
  2172 | D:2      | Gained mutation: You have a pair of small antennae on your
                  | head. [demonic ancestry]
  2172 | D:2      | Reached XP level 5. HP: 18/38 MP: 5/8
  2477 | D:2      | Found a hazy altar of Hepliaklqana.
  2553 | D:3      | Noticed Sigmund
  2576 | D:3      | Killed from afar by Sigmund

Vault maps used:
D:1:      minmay_arrival_stone_box, kennysheep_flooded_box,
          chequers_decorated_corner
D:2:      nicolae_overflow_hidden_temple, chequers_temple_overflow_minitemple,
          lemuel_old_faithful
D:3:      uniq_terence, uniq_sigmund

Skill      XL: |  1  2  3  4 |
---------------+-------------+-----
Charms         | 3 |  3.2
Polearms       | 2 3 |  3.3
Armour         | 1 |  1.5
Dodging        | 2 |  2.0
Fighting       | 3 |  3.3
Spellcasting   | |  2.6

Action                   |  1- 3 |  4- 6 || total
-------------------------+-------+-------++-------
Melee: Spear             |   101 |       ||   101
       Dagger            |    11 |    57 ||    68
  Use: Scroll            |     1 |       ||     1
  Eat: Chunk             |     2 |     1 ||     3
       Ration            |       |     1 ||     1
Armor: Leather armour    |    25 |     8 ||    33
Dodge: Dodged            |    63 |    33 ||    96

Table legend:
 A = Non-vault XP
 B = Vault XP
 C = Vault XP percentage of total XP
 D = Non-vault monster count
 E = Vault monster count
 F = Vault count percentage of total count
                 A         B        C        D         E       F
            +---------+---------+-------+---------+---------+-------
      Total |     280 |       0 |   0.0 |      46 |       0 |   0.0
            +---------+---------+-------+---------+---------+-------
        D:1 |      47 |       0 |   0.0 |      20 |       0 |   0.0
        D:2 |     233 |       0 |   0.0 |      26 |       0 |   0.0
            +---------+---------+-------+---------+---------+-------
